 Dungeon Crawl Stone Soup version 0.32-a0-485-g70f7560b1c (webtiles) character file.

Game seed: 4807159693466150132

3672 Malificent the Basher (level 9, -1/78 HPs)
             Began as a Minotaur Fighter on Feb 26, 2024.
             Was a Believer of the Shining One.
             Slain by a centaur warrior zombie (4 damage)
             ... on level 8 of the Dungeon.
             The game lasted 00:16:32 (6067 turns).

Malificent the Basher (Minotaur Fighter)            Turns: 6067, Time: 00:16:32

Health: -1/78      AC: 16    Str: 28    XL:     9   Next: 89%
Magic:  21/21      EV: 11    Int:  5    God:    the Shining One [**....]
Gold:   439        SH: 13    Dex: 12    Spells: 8/8 levels left

rFire   x . .        l - +4 mace of Ziadonu {elec, rF- Will+ MP+9 Stlth+}
rCold   . . .        c - +0 buckler
rNeg    + . .        B - +4 scale mail "Koll" {Str+5}
rPois   .            (helmet restricted)
rElec   .            (no cloak)
rCorr   .            (no gloves)
SInv    .            (no boots)
Will    ++...        A - amulet of regeneration
Stlth   +            f - +4 ring of protection
HPRegen 1.13/turn    t - ring of willpower
MPRegen 0.17/turn

%: no passive effects
@: mighty, divinely shielded, about to teleport, glowing
A: horns 2, retaliatory headbutt
a: Renounce Religion, Divine Shield


You were on level 8 of the Dungeon.
You worshipped the Shining One.
The Shining One was pleased with you.
You visited 1 branch of the dungeon, and saw 8 of its levels.

You collected 439 gold pieces.

Inventory:

Hand Weapons
 a - a +0 war axe
 h - a +2 heavy spear
 l - the +4 mace of Ziadonu (weapon) {elec, rF- Will+ MP+9 Stlth+}
   (You found it on level 2 of the Dungeon)

   rF-:       It makes you vulnerable to fire.
   Will+:     It increases your willpower.
   MP+9:      It affects your magic capacity (+9).
   Stlth+:    It makes you more stealthy.
 y - a +4 battleaxe of freezing
Missiles
 i - 7 boomerangs (quivered)
Armour
 c - a +0 buckler (worn)
 q - a +0 pair of boots
 w - a +0 cloak
 B - the +4 scale mail "Koll" (worn) {Str+5}
   (You found it on level 7 of the Dungeon)

   Str+5:     It affects your strength (+5).
Jewellery
 f - a +4 ring of protection (left hand)
 t - a ring of willpower (right hand)
 A - an amulet of regeneration (around neck)
Wands
 r - a wand of flame (50)
 D - a wand of iceblast (8)
Scrolls
 g - 2 scrolls of fear {unknown}
 j - 2 scrolls of immolation {unknown}
 m - a scroll of poison {unknown}
 n - a scroll of enchant weapon {unknown}
 p - a scroll of revelation {unknown}
 u - a scroll of noise {unknown}
 x - a scroll of silence {unknown}
 z - 2 scrolls of fog
Potions
 b - a potion of ambrosia {unknown}
 d - a potion of might
 e - 2 potions of invisibility
 k - a potion of curing
 o - a potion of mutation
 s - a potion of attraction
 C - a potion of enlightenment


   Skills:
 + Level 6.4 Fighting
 + Level 4.9(7.7) Axes
 + Level 9.1(9.7) Maces & Flails
 + Level 1.0(3.2) Polearms
 + Level 8.7 Armour
 + Level 3.7 Dodging
 + Level 1.2 Stealth
 + Level 5.9 Shields
 * Level 5.5 Invocations


You had 8 spell levels left.
You didn't know any spells.
Your spell library contained the following spells:

 Spells                   Type           Power      Damage    Failure   Level
 Call Canine Familiar     Summ           0%         N/A       98%         3
 Dazzling Flash           Conj/Hex       0%         N/A       98%         3
 Frozen Ramparts          Ice            0%         1d1       98%         3
 Mephitic Cloud           Conj/Alch/Air  0%         N/A       98%         3
 Sigil of Binding         Hex            0%         N/A       98%         3
 Dimensional Bullseye     Hex/Tloc       0%         N/A       100%        4
 Leda's Liquefaction      Alch/Erth      0%         N/A       100%        4
 Petrify                  Alch/Erth      0%         N/A       100%        4
 Curse of Agony           Necr           0%         N/A       100%        5
 Lee's Rapid Deconstruct  Erth           0%         3d4*      100%        5
 Metabolic Englaciation   Hex/Ice        0%         N/A       100%        5
 Silence                  Hex/Air        0%         N/A       100%        5
 Bombard                  Conj/Erth      0%         9d1       100%        6


Dungeon Overview and Level Annotations

Branches:
Dungeon (8/15)             Temple (0/1) D:4
   Lair: D:8-11

Altars:
Nemelex Xobeh
Vehumet
The Shining One

Annotations:
D:8 Jeremiah


Innate Abilities, Weirdness & Mutations

You have a pair of horns on your head.
You reflexively headbutt those who attack you in melee.


Message History

The hellwing hits you but does no damage.
You block the centaur warrior zombie's attack.
The centaur warrior zombie kicks you but does no damage.
Okay, then.
As you read the scroll of teleportation, it crumbles to dust.
You feel strangely unstable. The hellwing hits you! The hellwing hits you.
You block the centaur warrior zombie's attack. x2
The centaur warrior zombie hits you.
The centaur warrior zombie kicks you but does no damage.
The shadow imp barely misses you.
You sock the centaur warrior zombie!
You headbutt the centaur warrior zombie!
The centaur warrior zombie is moderately damaged.
The hellwing hits you. The hellwing barely misses you.
The centaur warrior zombie hits you but does no damage.
The centaur warrior zombie barely misses you.
You block the centaur warrior zombie's attack. x2
You bludgeon the centaur warrior zombie!!
You headbutt the centaur warrior zombie.
The centaur warrior zombie is heavily damaged.
The shadow imp hits you but does no damage.
The centaur warrior zombie hits you but does no damage.
You block the centaur warrior zombie's attack.
The centaur warrior zombie completely misses you.
You furiously retaliate!
You headbutt the centaur warrior zombie!
The centaur warrior zombie kicks you but does no damage.
The hellwing hits you!
* * * LOW HITPOINT WARNING * * *
You block the hellwing's attack. The centaur warrior zombie hits you.
* * * LOW HITPOINT WARNING * * *
The centaur warrior zombie barely misses you.
The shadow imp hits you but does no damage.
The hellwing hits you but does no damage. x2
Jeremiah lets out a twisted cry.
Something smites you!
* * * LOW HITPOINT WARNING * * *
The centaur warrior zombie hits you.
You die...

.............#...P....P...
.............#....ß....ß.#
.....................b.##
.[..........####..........
............# #.5#..b...#
............# #.....bFb##
.......))...# ##ZZ......#
.....).)....###55#......#
...............4@Z..###...
#.................### #..
#.................####
.....................###
................<......#
........................
........................
........................
#.......................


You could see a hellwing, Jeremiah, 3 shadow imps and 3 centaur warrior zombies.

Vanquished Creatures
  A two-headed ogre (D:7)
  Pikel (D:7)
  A centaur skeleton (D:8)
  A hornet (D:8)
  A harpy skeleton (D:8)
  Sigmund (D:2)
  A water moccasin (D:6)
  An ice beast (D:5)
  An orc warrior (D:8)
  A kobold brigand (D:7)
  A phantom (D:5)
  A lemure (D:7)
  A scorpion (D:5)
  2 bullfrogs
  A gnoll sergeant (D:7)
  9 wights
  A howler monkey (D:5)
  A bombardier beetle (D:5)
  2 jellies
  An orc priest (D:4)
  4 hounds
  2 iguanas
  Natasha (thrice) (D:3)
  An orc wizard (D:8)
  4 gnolls (D:7)
  9 adders
  A shadow imp (D:8)
  A white imp (D:5)
  2 ufetubi (D:6)
  3 dart slugs
  12 orcs
  8 bats
  10 endoplasms
  A giant cockroach (D:2)
  7 goblins
  7 hobgoblins
  9 jackals
  3 quokkas
  10 ball pythons
  4 frilled lizards
  12 kobolds
  7 rats
150 creatures vanquished.

Notes
Turn   | Place    | Note
-------+----------+-------------------------------------------
     0 | D:1      | Malificent the Minotaur Fighter began the quest for the
                  | Orb.
     0 | D:1      | Reached XP level 1. HP: 19/19 MP: 0/0
    71 | D:1      | Reached XP level 2. HP: 16/27 MP: 1/1
   412 | D:1      | Reached XP level 3. HP: 33/33 MP: 2/2
   692 | D:2      | Noticed Sigmund
   929 | D:2      | Killed Sigmund
   930 | D:2      | Reached skill level 1 in Dodging
   930 | D:2      | Reached XP level 4. HP: 12/40 MP: 3/3
   930 | D:2      | Reached XP level 5. HP: 14/46 MP: 4/4
  1706 | D:2      | Identified the +4 mace of Ziadonu {elec, rF- Will+ MP+9
                  | Stlth+}
  2109 | D:3      | Noticed Natasha
  2113 | D:3      | Killed Natasha
  2114 | D:3      | Reached XP level 6. HP: 41/53 MP: 5/5
  2241 | D:3      | Reached skill level 5 in Armour
  2310 | D:3      | Noticed Natasha
  2316 | D:3      | Killed Natasha
  2317 | D:3      | Reached skill level 1 in Polearms
  2367 | D:3      | Reached skill level 1 in Maces & Flails
  2369 | D:3      | Noticed Natasha
  2370 | D:3      | Found a faded altar of an unknown god.
  2374 | D:3      | Killed Natasha
  2544 | D:3      | Found a sparkling altar of Nemelex Xobeh.
  2545 | D:3      | Found a glowing golden altar of the Shining One.
  2553 | D:3      | Became a worshipper of the Shining One
  2954 | D:4      | Found a staircase to the Ecumenical Temple.
  3013 | D:4      | Reached skill level 1 in Stealth
  3015 | D:4      | Reached skill level 2 in Maces & Flails
  3234 | D:5      | Entered Level 5 of the Dungeon
  3251 | D:5      | Reached XP level 7. HP: 58/60 MP: 6/6
  3291 | D:5      | Reached skill level 3 in Maces & Flails
  3317 | D:5      | Found a radiant altar of Vehumet.
  3570 | D:5      | Reached skill level 1 in Invocations
  3785 | D:5      | Reached skill level 5 in Fighting
  3785 | D:5      | Reached skill level 4 in Maces & Flails
  3937 | D:5      | Reached skill level 5 in Shields
  4340 | D:6      | Reached * piety under the Shining One
  4350 | D:6      | Reached XP level 8. HP: 41/68 MP: 8/8
  4633 | D:6      | Reached skill level 5 in Maces & Flails
  5025 | D:7      | Identified the +4 scale mail "Koll" {Str+5}
  5351 | D:7      | Reached skill level 6 in Maces & Flails
  5607 | D:7      | Identified the +9 spear of Ragnarok {pain, rF- rC+++ SInv}
  5613 | D:7      | Noticed Pikel
  5624 | D:7      | Killed Pikel
  5625 | D:7      | Reached skill level 7 in Maces & Flails
  5625 | D:7      | Reached XP level 9. HP: 60/74 MP: 11/11
  5843 | D:7      | Noticed a two-headed ogre
  5848 | D:7      | Killed a two-headed ogre
  5849 | D:7      | Reached skill level 8 in Maces & Flails
  5849 | D:7      | Reached skill level 5 in Invocations
  6037 | D:8      | Reached ** piety under the Shining One
  6044 | D:8      | Reached skill level 9 in Maces & Flails
  6044 | D:8      | Noticed a hellwing
  6046 | D:8      | Noticed Jeremiah
  6067 | D:8      | HP: 3/78 [Jeremiah/divine providence (12)]
  6067 | D:8      | Slain by a centaur warrior zombie

Illustrated notes

Levels and vault maps discovered:
D:1:      lemuel_arrival_broad_hall, layout_basic, hangedman_feature_mirror,
          minmay_tripent
D:2:      layout_basic, serial_co_window_serial, co_window_paths_a,
          co_window_of_opportunity_a, co_window_of_opportunity_a,
          co_window_corner_a, co_window_paths_b, co_window_corner_ca,
          co_window_broadway_b, co_window_broadway_c, co_window_2corner,
          co_window_sun, glass_columns_c, minmay_misc_feat_alley, uniq_sigmund
D:3:      layout_rooms, gammafunk_temple_overflow_statue,
          hellmonk_ecumenical_altar_arch_garden, nicolae_titane, uniq_natasha
D:4:      layout_rooms, minmay_temple_entry_fiery
D:5:      layout_basic, old_standard_altar
D:6:      layout_basic
D:7:      layout_basic, uniq_pikel
D:8:      cheibrodos_grave_circle, layout_layer_cave, lair_entry_dummy,
          serial_shops, kennysheep_little_box, uniq_jeremiah

Skill      XL: |  1  2  3  4  5  6  7  8  9 |
---------------+----------------------------+-----
Shields        | 4 5 |  5.9
Axes           | 3 4 |  4.9
Fighting       | 4 5 6 |  6.4
Armour         | 4 5 6 7 8 |  8.7
Dodging        | 1 2 3 |  3.7
Polearms       | 1 |  1.0
Maces & Flails | 2 4 7 9 |  9.1
Stealth        | 1 |  1.2
Invocations    | 2 4 5 |  5.5

Action                     |  1- 3 |  4- 6 |  7- 9 || total
---------------------------+-------+-------+-------++-------
  Melee: War axe           |    72 |       |       ||    72
         Headbutt          |     8 |    12 |    29 ||    49
         Spear             |     4 |    28 |       ||    32
         Mace              |       |    85 |   147 ||   232
 Invoke: Divine Shield     |       |       |     1 ||     1
  Evoke: Wand              |       |       |     1 ||     1
    Use: Scroll            |     3 |     2 |     4 ||     9
         Potion            |       |       |     1 ||     1
 Armour: Scale mail        |    75 |    72 |   157 ||   304
  Dodge: Dodged            |    38 |    48 |    81 ||   167
  Block: Buckler           |    24 |    18 |    61 ||   103

Table legend: (Time is in decaauts)
 A = Elapsed time spent in this place.
 B = Non-inter-level travel time spent in this place.
 C = Inter-level travel time spent in this place.
 D = Time resting spent in this place.
 E = Time spent auto-exploring this place.
 F = Levels seen in this place.
 G = Mean time per level.
                   A        B        C        D        E       F      G
               +--------+--------+--------+--------+--------+-----+--------+
         Total |   6141 |   5973 |    168 |    902 |   3736 |   8 |  767.6 |
       Dungeon |   6141 |   5973 |    168 |    902 |   3736 |   8 |  767.6 |
               +--------+--------+--------+--------+--------+-----+--------+

Top non-repeatable levels by time:
     D:2: 1119 daAuts
     D:6: 1058 daAuts
     D:1: 923 daAuts
     D:5: 885 daAuts
     D:7: 830 daAuts
     D:3: 748 daAuts
     D:4: 506 daAuts
     D:8: 70 daAuts
